 Dungeon Crawl Stone Soup version 0.32-a0-859-gb0a091d592 (webtiles) character file.

Game seed: 5440136936438105331

87 timneilson the Sneak (level 4, -1/25 HPs)
             Began as a Kobold Enchanter on Mar 28, 2024.
             Slain by a scorpion (7 damage)
             ... on level 3 of the Dungeon.
             The game lasted 00:05:24 (1991 turns).

timneilson the Sneak (Kobold Enchanter)             Turns: 1991, Time: 00:05:25

Health: -1/25      AC:  2    Str:  5    XL:     4   Next: 80%
Magic:  7/7        EV: 15    Int: 16    God:
Gold:   822        SH:  0    Dex: 17    Spells: 7/7 levels left

rFire   . . .        e - +2 dagger (holy)
rCold   . . .        (no shield)
rNeg    . . .        b - +0 robe
rPois   .            (no helmet)
rElec   .            (no cloak)
rCorr   .            (no gloves)
SInv    .            (no boots)
Will    .....        (no amulet)
Stlth   ++++         (no ring)
HPRegen 0.24/turn    (no ring)
MPRegen 0.10/turn

%: no passive effects
@: lethally poisoned (-1 -> -12)
A: small, no large weapons, nightstalker 3
a: no special abilities


You were on level 3 of the Dungeon.
You visited 1 branch of the dungeon, and saw 3 of its levels.

You collected 822 gold pieces.

Inventory:

Hand Weapons
 e - a +2 dagger of holy wrath (weapon)
Armour
 b - a +0 robe (worn)
Potions
 a - 2 potions of brilliance
 c - 2 potions of invisibility
 j - a potion of attraction {unknown}


   Skills:
 + Level 1.3 Fighting
 * Level 3.1 Short Blades
 + Level 1.0 Armour
 * Level 3.6 Dodging
 + Level 4.5 Stealth
 - Level 2.1 Spellcasting
 - Level 3.0 Hexes


You had 7 spell levels left.
You didn't know any spells.
Your spell library contained the following spells:

 Spells                   Type           Power      Damage    Failure   Level
 Ensorcelled Hibernation  Hex/Ice        12%        N/A       17%         2
 Confusing Touch          Hex            11%        N/A       19%         3
 Tukima's Dance           Hex            11%        N/A       19%         3
 Static Discharge         Conj/Air       2%         3-4/arc   30%         2
 Dazzling Flash           Conj/Hex       12%        N/A       32%         3
 Airstrike                Air            0%         2d(1-17)  90%         4
 Summon Lightning Spire   Summ/Air       1%         N/A       90%         4


Dungeon Overview and Level Annotations

Branches:
Dungeon (3/15)

Altars:


Innate Abilities, Weirdness & Mutations

You are small and have problems with some larger weapons.
You are completely attuned to the shadows.


Message History

You feel sick. The scorpion barely misses you.
It was a potion of curing.
You feel better. The scorpion closely misses you.
You closely miss the scorpion.
The scorpion is heavily wounded.
The scorpion barely misses you.
You hit the scorpion but do no damage.
The scorpion is heavily wounded.
The scorpion barely misses you.
The scorpion stings you but does no damage.
You hit the scorpion but do no damage.
The scorpion is heavily wounded.
You hit the scorpion but do no damage.
The scorpion is heavily wounded.
The scorpion closely misses you. The scorpion misses you.
You hit the scorpion.
The scorpion is heavily wounded.
The scorpion closely misses you.
You hit the scorpion.
The scorpion is severely wounded.
The scorpion stings you.
You closely miss the scorpion.
The scorpion is severely wounded.
The scorpion barely misses you.
You closely miss the scorpion.
The scorpion is severely wounded.
The scorpion closely misses you.
You closely miss the scorpion.
The scorpion is severely wounded.
The scorpion misses you.
You closely miss the scorpion.
The scorpion is severely wounded.
The scorpion stings you.
You are lethally poisoned!
The scorpion poisons you!
You hit the scorpion.
The scorpion is severely wounded.
* * * LOW HITPOINT WARNING * * *
You feel very sick. The scorpion stings you!
You die...

.....................#
...............<.....#
.........<...............
.....................#...
.....................##.
.....................#
.....................#
.....................#
...............@....##
................s..#####
...[...#.......#..##....
...........#.##.......
..#. ##....$. #......
#...... .[K....


You could see a scorpion.

Vanquished Creatures
  Jessica (D:2)
  An adder (D:2)
  A dart slug (D:3)
  An orc (D:2)
  A ball python (D:1)
  4 endoplasms
  5 giant cockroaches
  8 goblins
  5 hobgoblins
  A kobold (D:1)
  8 bats
  3 frilled lizards
  6 rats
45 creatures vanquished.

Notes
Turn   | Place    | Note
-------+----------+-------------------------------------------
     0 | D:1      | timneilson the Kobold Enchanter began the quest for the
                  | Orb.
     0 | D:1      | Reached XP level 1. HP: 10/10 MP: 3/3
   224 | D:1      | Found a faded altar of an unknown god.
   271 | D:1      | Reached XP level 2. HP: 10/15 MP: 5/5
   505 | D:1      | Reached XP level 3. HP: 20/20 MP: 6/6
  1482 | D:2      | Reached skill level 1 in Fighting
  1678 | D:2      | Identified a scroll of acquirement
  1678 | D:2      | Acquired 702 gold pieces
  1744 | D:3      | Noticed Jessica
  1763 | D:2      | Reached XP level 4. HP: 14/25 MP: 7/7
  1872 | D:2      | Killed Jessica
  1873 | D:2      | Reached skill level 1 in Armour
  1959 | D:3      | Noticed a scorpion
  1991 | D:3      | Slain by a scorpion

Illustrated notes

Levels and vault maps discovered:
D:1:      roderic_crop_circles_arrival_small, layout_basic,
          hellmonk_ecumenical_altar_run_dry
D:2:      layout_loops_ring
D:3:      layout_rooms, mainiacjoe_overflow_alcove_4, uniq_ijyb, uniq_jessica,
          uniq_natasha

Skill      XL: |  1  2  3  4 |
---------------+-------------+-----
Short Blades   | 2 3 |  3.1
Dodging        | 3 |  3.6
Fighting       | 1 |  1.3
Armour         | 1 |  1.0
Stealth        | |  4.5
Spellcasting   | |  2.1
Hexes          | |  3.0

Action                     |  1- 3 |  4- 6 || total
---------------------------+-------+-------++-------
  Melee: Dagger            |   144 |    58 ||   202
    Use: Scroll            |     5 |       ||     5
         Potion            |       |     1 ||     1
   Stab: Sleeping          |    15 |       ||    15
 Armour: Robe              |    47 |    25 ||    72
  Dodge: Dodged            |    85 |    40 ||   125

Table legend: (Time is in decaauts)
 A = Elapsed time spent in this place.
 B = Non-inter-level travel time spent in this place.
 C = Inter-level travel time spent in this place.
 D = Time resting spent in this place.
 E = Time spent auto-exploring this place.
 F = Levels seen in this place.
 G = Mean time per level.
                   A        B        C        D        E       F      G
               +--------+--------+--------+--------+--------+-----+--------+
         Total |   1976 |   1929 |     47 |    126 |   1193 |   3 |  658.7 |
       Dungeon |   1976 |   1929 |     47 |    126 |   1193 |   3 |  658.7 |
               +--------+--------+--------+--------+--------+-----+--------+

Top non-repeatable levels by time:
     D:2: 967 daAuts
     D:1: 905 daAuts
     D:3: 104 daAuts
